 Dungeon Crawl Stone Soup version 0.25-a0-719-gde951dce62 (webtiles) character file.

Game seed: 12727744408298951986, levelgen mode: deterministic

43 Fukker the Twirler (level 3, -1/27 HPs)
             Began as a Demonspawn Gladiator on Apr 6, 2020.
             Slain by a gnoll
             ... wielding a +0 whip
              (7 damage)
             ... on level 1 of the Dungeon.
             The game lasted 00:02:26 (1029 turns).

Fukker the Twirler (Demonspawn Gladiator)           Turns: 1029, Time: 00:02:27

Health: -1/27      AC:  1    Str: 15    XL:     3   Next: 37%
Magic:  3/3        EV: 13    Int:  9    God:
Gold:   81         SH:  0    Dex: 14    Spells: 2/2 levels left

rFire    . . .     SeeInvis .   a - +0 quarterstaff
rCold    . . .     Gourm    .   (shield currently unavailable)
rNeg     . . .     Faith    .   (no armour)
rPois    .         Spirit   .   c - +0 helmet
rElec    .         Reflect  .   (no cloak)
rCorr    .         Harm     .   (no gloves)
MR       .....                  (no boots)
Stlth    +.........             (no amulet)
HPRegen  0.09/turn              (no ring)
MPRegen  0.08/turn              (no ring)

@: no status effects
A: powered by death 1
a: no special abilities


You were on level 1 of the Dungeon.
You were hungry.

You visited 1 branch of the dungeon, and saw 2 of its levels.

You collected 81 gold pieces.

Inventory:

Hand Weapons
 a - a +0 quarterstaff (weapon)
Missiles
 d - a throwing net (quivered)
 k - 16 stones
Armour
 b - a +0 leather armour
 c - a +0 helmet (worn)
 p - a +0 ring mail
Scrolls
 h - 3 scrolls of remove curse {unknown}
 i - a scroll of fear {unknown}
 n - a scroll of identify {unknown}
 o - a scroll of enchant armour {unknown}
 q - a scroll of amnesia {unknown}
Potions
 e - a potion of might {unknown}
 g - 2 potions of heal wounds {unknown}
 j - a potion of invisibility {unknown}
 l - 2 potions of berserk rage {unknown}
 m - a potion of lignification {unknown}
 r - a potion of ambrosia {unknown}
Comestibles
 f - 2 rations
 s - a chunk of flesh


   Skills:
 - Level 2.0 Fighting
 + Level 3.9 Staves
 - Level 2.0 Throwing
 + Level 0.3 Armour
 - Level 2.6 Dodging


You had 2 spell levels left.
You didn't know any spells.
Your spell library was empty.

Dungeon Overview and Level Annotations

Branches:
Dungeon (2/15)

Altars:


Innate Abilities, Weirdness & Mutations

You regenerate a little health from kills.


Message History

You throw a throwing net. The throwing net hits the gnoll.
The gnoll is caught in the net!
The gnoll struggles against the net.
The gnoll misses you.
You sock the gnoll!
The gnoll is severely wounded.
The gnoll struggles against the net.
The gnoll hits you with a +0 whip.
You hit the gnoll.
The gnoll is almost dead.
The gnoll hits you with a +0 whip!
The gnoll struggles against the net.
You hit the gnoll but do no damage.
The gnoll is almost dead.
The gnoll struggles against the net.
The gnoll hits you but does no damage.
The gnoll struggles against the net.
The net rips apart, and the gnoll comes free!
You closely miss the gnoll.
The gnoll is almost dead.
The gnoll completely misses you. The gnoll hits you.
* * * LOW HITPOINT WARNING * * *
The gnoll hits you with a +0 whip!
You die...

########## ####
##...##...## # ####..#
##..........## ####.....##
#............# .....###..#
#............# .....[###.#
#............# .####.###.#
######..........## .#
#.....####.g@g......#...##
.#
####....##.########.#####
## #.......# #......#
###...### #.....##
#...#####.....#
#######......#.....#
##.......>).........#
#..#####.##.........# #
##.#####..###..#.....#


You could see 2 gnolls.

Vanquished Creatures
  A gnoll (D:1)
  An adder (D:2)
  A dart slug (D:1)
  A giant cockroach (D:1)
  6 goblins
  4 jackals (D:1)
  3 kobolds
  2 bats (D:1)
  A frilled lizard (D:1)
  3 rats (D:1)
23 creatures vanquished.

Notes
Turn   | Place    | Note
-------+----------+-------------------------------------------
     0 | D:1      | Fukker the Demonspawn Gladiator began the quest for the
                  | Orb.
     0 | D:1      | Reached XP level 1. HP: 16/16 MP: 1/1
    31 | D:1      | Reached skill level 3 in Staves
    41 | D:1      | Gained mutation: You regenerate a little health from kills.
                  | [demonic ancestry]
    41 | D:1      | Reached XP level 2. HP: 11/22 MP: 2/2
   613 | D:2      | Reached XP level 3. HP: 12/27 MP: 3/3
  1029 | D:1      | Slain by a gnoll

Levels and vault maps discovered:
D:1:      dpeg_arrival_orchard, layout_rooms
D:2:      layout_rooms

Skill      XL: |  1  2 |
---------------+-------+-----
Staves         | 3 |  3.9
Throwing       | 2 |  2.0
Fighting       | |  2.0
Armour         | |  0.3
Dodging        | |  2.6

Action                   || total
-------------------------++-------
Melee: Quarterstaff      ||   103
Throw: Throwing net      ||     3
Armor: Leather armour    ||    20
       Skin              ||     5
Dodge: Dodged            ||    84

Table legend:
 A = Non-vault XP
 B = Vault XP
 C = Vault XP percentage of total XP
 D = Non-vault monster count
 E = Vault monster count
 F = Vault count percentage of total count
                 A         B        C        D         E       F
            +---------+---------+-------+---------+---------+-------
      Total |      62 |       0 |   0.0 |      23 |       0 |   0.0
            +---------+---------+-------+---------+---------+-------
        D:1 |      44 |       0 |   0.0 |      18 |       0 |   0.0
        D:2 |      18 |       0 |   0.0 |       5 |       0 |   0.0
            +---------+---------+-------+---------+---------+-------
